 Dungeon Crawl Stone Soup version 0.23.0-28-g6fe0f4d (webtiles) character file.

Game seed: 15962619994364798779

594 DungeonDestroyer the Covered (level 7, -1/66 HPs)
             Began as a Minotaur Fighter on Feb 25, 2019.
             Succumbed to a gnoll sergeant's poison
             ... on level 3 of the Dungeon.
             The game lasted 00:11:11 (2169 turns).

DungeonDestroyer the Covered (Minotaur Fighter)     Turns: 2169, Time: 00:11:11

Health: -1/66      AC: 12    Str: 22 (23) XL:     7   Next: 16%
Magic:  9/9        EV:  5    Int:  4 (5)  God:
Gold:   104        SH:  0    Dex:  9      Spells: 6/6 levels left

rFire    . . .     SeeInvis .   l - +3 quarterstaff (chaos)
rCold    . . .     Gourm    .   (shield currently unavailable)
rNeg     . . .     Faith    .   b - +0 scale mail
rPois    .         Spirit   .   (helmet restricted)
rElec    .         Reflect  .   m - +0 cloak
rCorr    +         Harm     .   (no gloves)
MR       .....                  g - +2 pair of boots
Stlth    ..........             (no amulet)
HPRegen  0.00/turn              i - ring of resist corrosion
MPRegen  0.11/turn              (no ring)

@: lethally poisoned (-1 -> -32), held
A: retaliatory headbutt, fangs 1, horns 2, inhibited regeneration
a: no special abilities


You were on level 3 of the Dungeon.
You were not hungry.

You visited 1 branch of the dungeon, and saw 3 of its levels.

You collected 104 gold pieces.

Inventory:

Hand Weapons
 a - a +1 war axe
 l - a +3 quarterstaff of chaos (weapon)
Armour
 b - a +0 scale mail (worn)
 c - a +0 shield
 g - a +2 pair of boots (worn)
 m - a +0 cloak (worn)
Jewellery
 i - a ring of resist corrosion (left hand)
Scrolls
 e - a scroll of identify
 h - 2 scrolls of amnesia
 k - a scroll of remove curse
 o - a scroll of magic mapping
Potions
 d - a potion of might
 j - 3 potions of heal wounds
 p - a potion of agility
Comestibles
 f - 5 rations


   Skills:
 + Level 7.3 Fighting
 - Level 7.0 Axes
 * Level 2.2 Staves
 + Level 7.4 Armour
 - Level 7.3 Shields
   Level 4.4 Invocations


You had 6 spell levels left.
You didn't know any spells.
Your spell library was empty.

Dungeon Overview and Level Annotations

Branches:
Dungeon (3/15)

Altars:
Trog
The Shining One

Annotations:
D:3 1 transporter, p0werm0de's ghost, weakling GnWn


Innate Abilities, Weirdness & Mutations

You reflexively headbutt those who attack you in melee.
You have a pair of horns on your head.
You have very sharp teeth.
You do not regenerate when monsters are visible.


Message History

Something hits you.
* * * LOW HITPOINT WARNING * * *
P0werm0de's ghost hits you but does no damage.
Unknown command.
You closely miss something. You headbutt something.
Reactivating autopickup.
You feel a bit more experienced.
* * * LOW HITPOINT WARNING * * *
You feel very sick.
P0werm0de's ghost hits you but does no damage.
Unknown command.
* * * LOW HITPOINT WARNING * * *
You feel very sick.
The gnoll throws a throwing net.
The throwing net hits you.
You become entangled in the net!
Things that are here:
a throwing net; a +0 flail; a gnoll corpse Unknown command.
You tear a large gash into the net.
You die...

.#.≈≈≈≈≈≈≈≈≈≈≈≈≈≈≈≈≈≈≈≈≈≈≈≈≈.# ##
.#.≈≈#####...........#####≈≈.# #.
...≈≈#.#.#.###.©.###.#.#.#≈≈.###.
#.†≈≈#...###.#####.###...#≈≈..##.
#..≈≈###.. . ..........###≈≈.....
#..≈≈.8# # ##'###'##.#8.≈≈.###.
#..≈≈.##.# #8..#).P#.##.≈≈.# #.
#.†≈≈.#..+$ #⌠©W..).'..#.≈≈.###.
#..≈≈.##.#W. #8.@#P.P#.##.≈≈...÷.
#..≈≈.8#.######'###'##.#8.≈≈..###
#..≈≈###..g..g.........###≈≈..#
#..≈≈#...###.#####©###...#≈≈.##
#..≈≈#g#g#.###.©.###.#.#.#≈≈.#
#..≈≈#####...........#####≈≈.#
#..≈≈≈≈≈≈≈≈≈≈≈...≈≈≈≈≈≈≈≈≈≈≈.#
#..≈≈≈≈≈≈≈≈≈≈≈...≈≈≈≈≈≈≈≈≈≈≈.#
#............................#


You could see p0werm0de's ghost and a gnoll.

Vanquished Creatures
  Grinder (D:3)
  A gnoll sergeant (D:3)
  Crazy Yiuf (D:2)
  Natasha (thrice) (D:2)
  3 gnolls (D:3)
  10 adders
  An ooze (D:1)
  3 leopard geckos
  An orc (D:3)
  4 ball pythons
  5 giant cockroaches
  6 goblins
  7 hobgoblins
  11 jackals
  4 kobolds
  2 quokkas
  6 bats
  2 frilled lizards
  3 rats
74 creatures vanquished.

Vanquished Creatures (others)
  3 plants (D:3)
3 creatures vanquished.

Grand Total: 77 creatures vanquished

Notes
Turn   | Place    | Note
-------+----------+-------------------------------------------
     0 | D:1      | DungeonDestroyer the Minotaur Fighter began the quest for
                  | the Orb.
     0 | D:1      | Reached XP level 1. HP: 19/19 MP: 0/0
   186 | D:1      | Reached XP level 2. HP: 26/27 MP: 1/1
   325 | D:1      | Reached XP level 3. HP: 33/33 MP: 2/2
   518 | D:1      | Reached XP level 4. HP: 47/47 MP: 2/6
   880 | D:2      | Found a glowing golden altar of the Shining One.
   904 | D:2      | Noticed Natasha
   908 | D:2      | Killed Natasha
  1103 | D:2      | Reached XP level 5. HP: 52/52 MP: 7/7
  1137 | D:2      | Noticed Natasha
  1142 | D:2      | Killed Natasha
  1182 | D:2      | Noticed Natasha
  1184 | D:2      | Killed Natasha
  1206 | D:2      | Found a runed translucent door.
  1207 | D:2      | Noticed Crazy Yiuf
  1267 | D:2      | Found a faded altar of an unknown god.
  1481 | D:2      | Killed Crazy Yiuf
  1547 | D:3      | Reached XP level 6. HP: 60/60 MP: 8/8
  1632 | D:3      | Found a bloodstained altar of Trog.
  1706 | D:3      | Identified the +2 buckler "Awilieny" {+Fly Stlth+}
  1713 | D:3      | Noticed Grinder
  1730 | D:3      | Killed Grinder
  1730 | D:3      | Reached skill level 1 in Staves
  1733 | D:3      | Gained mutation: You do not regenerate when monsters are
                  | visible. [potion of mutation]
  1733 | D:3      | Gained mutation: You have very sharp teeth. [potion of
                  | mutation]
  1769 | D:3      | Found a transporter.
  1775 | D:3      | Found a transporter.
  2134 | D:3      | Noticed p0werm0de's ghost (weakling GnWn)
  2145 | D:3      | Reached XP level 7. HP: 66/66 MP: 9/9
  2168 | D:3      | HP: 1/66 [poisoned by a gnoll sergeant]
  2169 | D:3      | Succumbed to a gnoll sergeant's poison

Skill      XL: |  1  2  3  4  5  6  7 |
---------------+----------------------+-----
Fighting       | 4 7 |  7.3
Armour         | 4 6 7 |  7.4
Shields        | 4 7 |  7.3
Axes           | 6 7 |  7.0
Invocations    | 4 |  4.4
Staves         | 1 2 |  2.2

Action                   |  1- 3 |  4- 6 |  7- 9 || total
-------------------------+-------+-------+-------++-------
Melee: War axe           |    43 |    77 |       ||   120
       Headbutt          |     3 |     9 |     4 ||    16
       Quarterstaff      |       |    35 |    10 ||    45
       Bite              |       |       |     3 ||     3
  Use: Scroll            |     5 |     4 |       ||     9
       Potion            |     2 |     5 |       ||     7
  Eat: Ration            |       |     2 |       ||     2
Armor: Scale mail        |    18 |    52 |    14 ||    84
Dodge: Dodged            |    14 |    39 |     9 ||    62
Block: Shield            |    31 |    43 |       ||    74
